 Dungeon Crawl Stone Soup version 0.19.1 (webtiles) character file.

3808 Walrider the Quickloader (level 9, -3/100 HPs)
             Began as a Demonspawn Wanderer on Nov 27, 2016.
             Was a Priest of Okawaru.
             Slain by an orc priest
             ... wielding a +2 hand axe of electrocution
              (13 damage)
             ... on level 8 of the Dungeon.
             The game lasted 00:15:30 (6758 turns).

Walrider the Quickloader (Demonspawn Wanderer)      Turns: 6758, Time: 00:15:30

Health: -3/100     AC: 24    Str: 17    XL:     9   Next: 96%
Magic:  10/10      EV:  2    Int: 13    God:    Okawaru [***...]
Gold:   451        SH:  0    Dex: 12    Spells: 0 memorised, 8 levels left

rFire  + . .     SeeInvis +     b - +1 hand crossbow
rCold  . . .     Gourm    .     (armour currently unavailable)
rNeg   + + +     Faith    +     (no shield)
rPois  +         Spirit   .     (helmet currently unavailable)
rElec  .         Reflect  .     (cloak currently unavailable)
rCorr  .         Harm     .     (gloves currently unavailable)
MR     .....     NoTele   +     (boots currently unavailable)
Stlth  ++........               B - amulet of faith
                                n - ring of protection from fire
                                C - ring of see invisible

@: tree-form, very slightly contaminated
A: (thin metallic scales 0), (spiny 0), rot immunity
a: Heroism, Renounce Religion


You were on level 8 of the Dungeon.
You worshipped Okawaru.
Okawaru was most pleased with you.
You were not hungry.
You were a tree.
You visited 2 branches of the dungeon, and saw 9 of its levels.

You collected 451 gold pieces.

Inventory:

Hand Weapons
 b - a +1 hand crossbow (weapon)
 e - a +0 dagger
 m - a +0 dagger
 z - a +0 arbalest
 F - a +0 whip of electrocution
Missiles
 c - 61 bolts (quivered)
Armour
 a - a +3 scale mail (melded)
 i - a +0 chain mail
 I - a +0 cloak (melded)
Jewellery
 k - a +5 ring of intelligence
 n - a ring of protection from fire (right branch)
 B - an amulet of faith (around neck)
 C - a ring of see invisible (left branch)
 D - a +4 ring of dexterity
 J - an uncursed ring of magical power {unknown}
Wands
 o - a wand of digging (10/24)
Scrolls
 h - 5 scrolls of enchant armour
 j - 5 scrolls of identify
 p - a scroll of recharging
 s - 3 scrolls of immolation
 v - 5 scrolls of remove curse
 y - 2 scrolls of noise
Potions
 g - a potion of flight {unknown}
 l - 2 potions of curing
 t - a potion of brilliance
 u - a potion of heal wounds {unknown}
 w - 2 potions of agility {unknown}
 x - a potion of degeneration {unknown}
Books
 q - a book of Minor Magic

   Spells                             Type                      Level
   a - Magic Dart                     Conjuration                  1
   b - Blink                          Translocation                2
   c - Call Imp                       Summoning                    2
   d - Repel Missiles                 Charms/Air                   2
   e - Slow                           Hexes                        2
   f - Conjure Flame                  Conjuration/Fire             3
   g - Mephitic Cloud                 Conjuration/Poison/Air       3
Comestibles
 f - 10 bread rations
 r - 7 fruits
 A - a slice of pizza
 G - a meat ration


   Skills:
 - Level 4.8 Fighting
 - Level 1.0 Maces & Flails
 + Level 11.9 Crossbows
 - Level 4.1 Armour
 - Level 1.7 Stealth
 + Level 1.3 Invocations


You had 8 spell levels left.
You didn't know any spells.

Dungeon Overview and Level Annotations

Branches:
Dungeon (8/15)             Temple (1/1) D:7
   Lair: D:8-11

Altars:
Ashenzari
Cheibriados
Dithmenos
Elyvilon
Okawaru
Qazlal
Sif Muna
Trog
Vehumet
Yredelemnul
Zin
The Shining One

Shops:
D:5 %}


Innate Abilities, Weirdness & Mutations

((You are mostly covered in thin metallic scales. (AC +3)))
((You are partially covered in sharp spines.))
You are immune to rotting.


Message History

Aim: an orc priest, wielding a hand axe of electrocution You shoot a bolt.
The bolt closely misses the orc priest.
The bolt barely misses the orc priest.
The orc hits you but does no damage.
The orc priest miscasts a cantrip.
Firing (i - inventory):
c - 63 bolts (quivered)
Press: ? - help, Shift-Dir - straight line, f/p - orc priest
Aim: an orc priest, wielding a hand axe of electrocution You shoot a bolt.
The bolt barely misses the orc priest.
The orc hits you but does no damage.
The orc priest mumbles some strange prayers to Beogh against you.
Beogh smites you!
* * * LOW HITPOINT WARNING * * *
Firing (i - inventory):
c - 62 bolts (quivered)
Press: ? - help, Shift-Dir - straight line, f/p - orc priest
Aim: an orc priest, wielding a hand axe of electrocution You shoot a bolt.
The bolt barely misses the orc priest.
The orc hits you but does no damage.
The orc priest hits you but does no damage. x2
You are electrocuted!
You die...

#....>................
#...................##
##.........#..........#
#......................
#.......÷#.#########...
#..(.......... ..#.....
#......(...#####.#.#.#.
#....o......[..#.#.#...
#(.((o♣.######.#§#.#.##
#...##o## #...§#§#§#...
#..)##.# #..§§§§§§#.##
#.o(##.#####...§§§§#.##
#o(.##..........§#§#.##
#... #######.#####.#.#.
#. #.........#.#.##
..<.###.###.#.#... ..
#.........####


You could see 2 orc priests and an orc.

Vanquished Creatures
  Pikel (D:4)
  Maurice (D:8)
  Grinder (D:4)
  A spriggan (D:7)
  A water moccasin (D:5)
  3 slaves
  A sky beast (D:5)
  An orc warrior (D:8)
  3 ice beasts
  A black bear (D:8)
  A necrophage (D:5)
  A centaur (D:7)
  3 ogres
  4 bullfrogs
  A wyvern zombie (D:5)
  8 killer bees
  3 scorpions
  A bullfrog zombie (D:8)
  7 orc priests
  A bullfrog skeleton (D:7)
  A hound (D:6)
  2 jellies
  Crazy Yiuf (D:7)
  3 orc wizards
  Jessica (D:2)
  An iguana (D:7)
  3 worker ants
  9 adders
  A shadow imp (D:5)
  An ooze (D:6)
  An adder skeleton (D:7)
  5 worms
  2 dart slugs
  3 leopard geckos
  16 orcs
  7 giant cockroaches
  6 goblins
  9 hobgoblins
  14 jackals
  7 kobolds
  4 quokkas
  A ball python (D:1)
  4 bats
  A frilled lizard (D:2)
  A quokka zombie (D:6)
  13 rats
161 creatures vanquished.

Vanquished Creatures (others)
  A slave (D:8)
  A killer bee (D:8)
2 creatures vanquished.

Grand Total: 163 creatures vanquished

Notes
Turn   | Place    | Note
-------+----------+-------------------------------------------
     0 | D:1      | Walrider the Demonspawn Wanderer began the quest for the Orb.
     0 | D:1      | Walrider set off with: a +2 scale mail, a +0 hand crossbow, 27 bolts, a potion of lignification, a +0 dagger, a bread ration
     0 | D:1      | Reached XP level 1. HP: 16/16 MP: 1/1
   179 | D:1      | Gained mutation: You are immune to rotting. [demonic ancestry]
   179 | D:1      | Reached XP level 2. HP: 23/23 MP: 2/2
   669 | D:1      | Reached XP level 3. HP: 29/29 MP: 3/3
   717 | D:2      | Noticed Jessica
   720 | D:2      | Killed Jessica
   788 | D:2      | Gained mutation: You are partially covered in sharp spines. [demonic ancestry]
   788 | D:2      | Reached XP level 4. HP: 38/38 MP: 4/4
  1654 | D:4      | Noticed a slave
  1654 | D:4      | Noticed a slave
  1655 | D:4      | Noticed Pikel
  1693 | D:4      | Gained mutation: You are partially covered in thin metallic scales. (AC +2) [demonic ancestry]
  1693 | D:4      | Reached XP level 5. HP: 18/43 MP: 5/5
  1905 | D:4      | Reached skill level 3 in Crossbows
  2005 | D:4      | Noticed a slave
  2006 | D:4      | Noticed a slave
  2020 | D:3      | Killed a slave
  2183 | D:5      | Entered Level 5 of the Dungeon
  2221 | D:5      | Reached XP level 6. HP: 36/50 MP: 6/6
  2254 | D:5      | Found Uvaumape's Gadget Shop.
  2350 | D:5      | Reached skill level 4 in Crossbows
  2391 | D:5      | Noticed a sky beast
  2403 | D:5      | Killed a sky beast
  2403 | D:5      | Reached XP level 7. HP: 45/55 MP: 7/7
  2420 | D:5      | Reached skill level 5 in Crossbows
  2797 | D:5      | Found Yplicitt's Food Shop.
  2866 | D:5      | Reached skill level 6 in Crossbows
  3393 | D:6      | Gained mutation: You are mostly covered in thin metallic scales. (AC +3) [demonic ancestry]
  3393 | D:6      | Reached XP level 8. HP: 37/61 MP: 8/8
  3394 | D:6      | Reached skill level 7 in Crossbows
  4272 | D:7      | Reached skill level 8 in Crossbows
  4512 | D:7      | Found a staircase to the Ecumenical Temple.
  4575 | Temple   | Entered the Ecumenical Temple
  4620 | Temple   | Became a worshipper of Warmaster Okawaru
  5115 | D:4      | Noticed Grinder
  5142 | D:4      | Killed Pikel
  5142 | D:4      | Reached * piety under Okawaru
  5142 | D:4      | Reached skill level 9 in Crossbows
  5149 | D:4      | Killed Grinder
  5149 | D:4      | Reached XP level 9. HP: 56/67 MP: 9/9
  5468 | D:7      | Reached skill level 10 in Crossbows
  6005 | D:7      | Found a runed door.
  6009 | D:7      | Noticed Crazy Yiuf
  6013 | D:7      | Killed Crazy Yiuf
  6253 | D:7      | Reached ** piety under Okawaru
  6487 | D:8      | Reached skill level 11 in Crossbows
  6578 | D:8      | Noticed Maurice
  6592 | D:8      | Killed Maurice
  6670 | D:8      | Reached *** piety under Okawaru
  6684 | D:8      | Reached skill level 1 in Invocations
  6758 | D:8      | Slain by an orc priest

Skill      XL: |  1  2  3  4  5  6  7  8  9 |
---------------+----------------------------+-----
Fighting       | 3 4 |  4.8
Armour         | 2 3 4 |  4.1
Crossbows      | 3 4 6 9 11 | 11.9
Invocations    | 1 |  1.3
Maces & Flails | |  1.0
Stealth        | |  1.7

Action                   |  1- 3 |  4- 6 |  7- 9 || total
-------------------------+-------+-------+-------++-------
 Fire: Hand crossbow     |    87 |   138 |   307 ||   532
  Use: Scroll            |       |     8 |     5 ||    13
       Potion            |       |     4 |     4 ||     8
  Eat: Bread ration      |       |     1 |     2 ||     3
       Chunk             |       |       |     3 ||     3
       Beef jerky        |       |       |     1 ||     1
Armor: Scale mail        |    27 |    51 |    64 ||   142
       Skin              |       |       |    21 ||    21
Dodge: Dodged            |    28 |    41 |    57 ||   126
